 Dungeon Crawl Stone Soup version 0.20.1-1-g8b1a95d (webtiles) character file.

89 Kingsmith the Stinger (level 4, -12/30 HPs)
             Began as a Mummy Venom Mage on Dec 8, 2017.
             Engulfed by a cloud of flame (42 damage)
             ... on level 2 of the Dungeon.
             The game lasted 00:04:57 (2357 turns).

Kingsmith the Stinger (Mummy Venom Mage)            Turns: 2357, Time: 00:04:58

Health: -12/30     AC:  2    Str: 11    XL:     4   Next: 31%
Magic:  8/8        EV: 12    Int: 15    God:
Gold:   58         SH:  0    Dex: 12    Spells: 2/8 levels left

rFire    x . .     SeeInvis .   i - +1 dagger (venom)
rCold    + . .     Gourm    .   (no shield)
rNeg     + + +     Faith    .   a - +0 robe
rPois    ∞         Spirit   .   (no helmet)
rElec    .         Reflect  .   (no cloak)
rCorr    .         Harm     .   (no gloves)
MR       .....                  (no boots)
Stlth    ++........             (no amulet)
Regen    0.1/turn               (no ring)
MPRegen  0.2/turn               (no ring)

@: no status effects
A: no food or potions, fire vulnerability, cold resistance 1, negative energy
resistance 3, torment resistance, unbreathing
a: no special abilities


You were on level 2 of the Dungeon.
You were not hungry.

You visited 1 branch of the dungeon, and saw 2 of its levels.

You collected 58 gold pieces.

Inventory:

Hand Weapons
 i - a +1 dagger of venom (weapon)
Missiles
 d - 8 javelins of returning (quivered)
Armour
 a - a +0 robe (worn)
Scrolls
 c - a scroll of fog {unknown}
 e - a scroll of amnesia {unknown}
 f - a scroll of teleportation {unknown}
 g - 2 scrolls of identify {unknown}
 h - a scroll of fear {unknown}
 j - a scroll of enchant armour {unknown}
 k - a scroll of recharging {unknown}
 l - a scroll of enchant weapon {unknown}
Books
 b - a Young Poisoner's Handbook

   Spells                             Type                      Level
   a - Sting                          Conjuration/Poison           1
   b - Poisonous Vapours              Poison/Air                   2
   c - Mephitic Cloud                 Conjuration/Poison/Air       3
   d - Olgreb's Toxic Radiance        Poison                       4
   e - Venom Bolt                     Conjuration/Poison           5


   Skills:
 - Level 1.5 Dodging
 - Level 1.5 Stealth
 - Level 2.6 Spellcasting
 - Level 0.7 Conjurations
 + Level 1.2 Air Magic
 - Level 4.0 Poison Magic


You had 2 spell levels left.
You knew the following spells:

 Your Spells              Type           Power        Failure   Level  Hunger
a - Sting                 Conj/Pois      #...         8%          1    N/A
b - Poisonous Vapours     Pois/Air       #.....       11%         2    N/A
c - Mephitic Cloud        Conj/Pois/Air  #.......     28%         3    N/A

Dungeon Overview and Level Annotations

Branches:
Dungeon (2/15)

Altars:
Vehumet


Innate Abilities, Weirdness & Mutations

You do not eat or drink.
Your flesh is vulnerable to fire.
You are immune to poison.
Your flesh is cold resistant. (rC+)
You are immune to negative energy. (rN+++)
You are immune to unholy pain and torment.
You can survive without breathing.


Message History

The kobold is poisoned.
You kill the kobold!
You start resting.
HP restored.
You start resting.
Magic restored.
You start waiting.
You start waiting.
You start waiting.
Done waiting.
Really walk into a travel-excluded area? [Y]es or [N]o only, please.
Really walk into a travel-excluded area? [Y]es or [N]o only, please.
Really walk into a travel-excluded area?
Okay, then.
Really walk into a travel-excluded area?
You are engulfed in blazing flames.
Ouch! That really hurt!
You die...

....... #.....
##!.#.# #..)..#
#.§.§.# #..§§(#
# #..§§.#
#.##.§@..###...
#...(........#
####....######
#.###.#######
#. #........
#.###.#######
##...## ##.##
#.#


There were no monsters in sight!

Vanquished Creatures
  3 adders
  2 oozes (D:1)
  3 dart slugs (D:1)
  A leopard gecko (D:1)
  A ball python (D:1)
  4 bats (D:1)
  3 giant cockroaches
  6 goblins
  6 hobgoblins
  4 jackals (D:1)
  3 frilled lizards
  5 kobolds
  4 rats
45 creatures vanquished.

Notes
Turn   | Place    | Note
-------+----------+-------------------------------------------
     0 | D:1      | Kingsmith the Mummy Venom Mage began the quest for the Orb.
     0 | D:1      | Reached XP level 1. HP: 13/13 MP: 4/4
   422 | D:1      | Reached XP level 2. HP: 19/19 MP: 5/5
   471 | D:1      | Learned a level 2 spell: Poisonous Vapours
   480 | D:1      | Reached skill level 3 in Poison Magic
   802 | D:1      | Reached XP level 3. HP: 14/24 MP: 0/7
   869 | D:1      | Learned a level 3 spell: Mephitic Cloud
  1645 | D:1      | Reached skill level 4 in Poison Magic
  1771 | D:2      | Reached XP level 4. HP: 25/30 MP: 3/8
  1941 | D:2      | Reached skill level 1 in Air Magic
  2024 | D:2      | Found a radiant altar of Vehumet.
  2357 | D:2      | Engulfed by a cloud of flame

Skill      XL: |  1  2  3  4 |
---------------+-------------+-----
Poison Magic   | 3 4 |  4.0
Air Magic      | 1 |  1.2
Dodging        | |  1.5
Stealth        | |  1.5
Spellcasting   | |  2.6
Conjurations   | |  0.7

Action                   |  1- 3 |  4- 6 || total
-------------------------+-------+-------++-------
Melee: Unarmed           |    25 |       ||    25
       Short sword       |    49 |       ||    49
       Dagger            |     9 |    13 ||    22
Throw: Javelin           |     7 |       ||     7
 Cast: Sting             |    30 |       ||    30
       Poisonous Vapours |    13 |     6 ||    19
Armor: Robe              |    24 |     2 ||    26
Dodge: Dodged            |    77 |     6 ||    83
